AoeStats
← Guitencule

Oasis

507098698Analyzed
3v3 RM · 17d ago on Sep 16, 2026· 51m 58s· 6 players
Game mode
Random Map
Map size
Normal (6 player)
Population
200
Speed
Normal
Resources
Standard
Victory
Conquest
Starting age
Dark Age
Ending age
Imperial Age
RankedLock teamsTeams togetherTeam positionsShared explorationLock speedFull tech treeHidden civsTurbo modeCheats
Victory
Defeat
🇫🇷 Japanese · France
782
+14
🇫🇷 Burgundians · France
770
+14
🇹🇷 Romans · Türkiye
699
+17
🇪🇸 Romans · Spain
849
-19
🇪🇸 Bohemians · Spain
721
-15
🇪🇸 Britons · Spain
627
-11
reskius
13:42 Feudal Age
18:47 Castle Age
17:57 Double-Bit Axe
20:37 Horse Collar
29:22 Bow Saw
39:22 Imperial Age
38:08 Pikeman
41:04 Heavy Scorpion
44:22 Ballistics
50:46 Ballistas
sebamontoro
0:27 Loom
14:27 Feudal Age
21:06 Castle Age
32:49 Imperial Age
35:54 Double-Bit Axe
36:44 Husbandry
37:27 Bow Saw
36:47 Cavalier
38:34 Scale Barding Armor
40:29 Forging
43:02 Iron Casting
44:03 Conscription
45:14 Ballistics
47:11 Chemistry
47:14 Blast Furnace
47:29 Treadmill Crane
ramon_beas21
0:31 Loom
14:06 Feudal Age
20:14 Man-at-Arms
25:49 Castle Age
32:31 Long Swordsman
51:40 Yeomen
ozgurulas90
14:06 Feudal Age
15:51 Man-at-Arms
19:40 Castle Age
18:13 Double-Bit Axe
18:11 Horse Collar
18:31 Gold Mining
19:30 Forging
19:40 Scale Mail Armor
19:48 Long Swordsman
22:05 Iron Casting
23:25 Chain Mail Armor
24:41 Bow Saw
28:09 Gold Shaft Mining
27:38 Heavy Plow
36:57 Imperial Age
36:08 Scale Barding Armor
36:05 Stone Mining
39:00 Conscription
38:01 Elite Centurion
38:10 Legionary
39:59 Blast Furnace
39:47 Crop Rotation
43:55 Town Watch
43:56 Loom
44:48 Wheelbarrow
44:36 Chain Barding Armor
43:48 Heavy Scorpion
44:52 Comitatenses
Alexaumax
15:04 Feudal Age
14:13 Wheelbarrow
13:27 Double-Bit Axe
13:25 Horse Collar
17:08 Bow Saw
22:55 Castle Age
25:15 Two-Man Saw
25:03 Hand Cart
25:02 Forging
28:13 Stone Mining
28:13 Gold Mining
28:56 Cavalier
30:30 Heavy Plow
38:23 Imperial Age
36:11 Elite Skirmisher
36:59 Scale Barding Armor
37:30 Iron Casting
40:17 Chemistry
39:34 Pikeman
42:16 Halberdier
48:48 Paladin
51:08 Chain Barding Armor
51:49 Blast Furnace
50:53 Scale Mail Armor
Guitencule
1:13 Loom
13:33 Feudal Age
15:13 Double-Bit Axe
15:05 Man-at-Arms
15:34 Arson
16:33 Horse Collar
23:58 Castle Age
22:43 Gold Mining
26:13 Wheelbarrow
26:58 Crossbowman
28:01 Husbandry
28:11 Bloodlines
29:01 Hand Cart
28:50 Heavy Plow
29:04 Bow Saw
31:10 Scale Barding Armor
31:11 Gambesons
31:34 Town Watch
38:01 Imperial Age
35:56 Ballistics
36:35 Caravan
37:41 Forging
37:23 Fletching
37:34 Padded Archer Armor
36:59 Pikeman
37:41 Squires
39:06 Conscription
39:08 Kataparuto
38:27 Elite Skirmisher
41:05 Cavalier
41:32 Capped Ram
41:44 Arbalester
42:32 Thumb Ring
43:26 Chain Barding Armor
43:24 Bodkin Arrow
44:05 Iron Casting
Connection lost

Rejoining the realm…

Still unreachable

The connection could not be restored.

Session expired

The server has moved on; the page needs a fresh start.